 Dungeon Crawl Stone Soup version 0.28-a0-983-g1de4e0787c (webtiles) character file.

Game seed: 4908099881001612432

394 sanka the Chopper (level 6, -1/50 HPs)
             Began as a Palentonga Abyssal Knight on Dec 2, 2021.
             Was a Priest of Lugonu.
             Slain by an adder (4 damage)
             ... on level 4 of the Dungeon.
             The game lasted 00:05:55 (4792 turns).

sanka the Chopper (Palentonga Abyssal Knight)       Turns: 4792, Time: 00:05:56

Health: -1/50      AC:  4    Str: 18    XL:     6   Next: 52%
Magic:  9/9        EV:  9    Int: 11    God:    Lugonu [***...]
Gold:   200        SH:  0    Dex: 10    Spells: 5/5 levels left

rFire   . . .      SeeInvis +   a - +1 hand axe
rCold   . . .      Faith    .   (no shield)
rNeg    . . .      Spirit   .   b - +0 leather armour
rPois   +          Reflect  .   (no helmet)
rElec   .          Harm     .   (no cloak)
rCorr   .          Rampage  .   (no gloves)
Will    .....                   (no barding)
Stlth   +.........              (no amulet)
HPRegen 0.16/turn               (no ring)
MPRegen 0.11/turn               j - ring of poison resistance

@: no status effects
A: large, rugged brown scales 3, see invisible, deformed body, roll 1, armoured
tail
a: Rolling Charge, Renounce Religion, Depart the Abyss, Bend Space, Banish


You were on level 4 of the Dungeon.
You worshipped Lugonu.
Lugonu was most pleased with you.
You visited 1 branch of the dungeon, and saw 5 of its levels.
You visited the Abyss 1 time.

You collected 200 gold pieces.


Innate Abilities, Weirdness & Mutations

You are completely covered in rugged brown scales. (AC +3, +7% HP)
You have supernaturally acute eyesight. (SInv)
Armour fits poorly on your strangely shaped body.
You can roll at nearby foes to attack.
You have a long armoured tail.


   Skills:
 - Level 3.0 Fighting
 - Level 6.0 Axes
 - Level 1.5 Armour
 - Level 0.7 Dodging
 + Level 4.4 Invocations


You had 5 spell levels left.
You didn't know any spells.
Your spell library contained the following spells:

 Spells                   Type           Power      Damage    Failure   Level
 Dazzling Flash           Conj/Hex       0%         N/A       77%         3
 Ozocubu's Armour         Ice            0%         N/A       77%         3
 Summon Guardian Golem    Hex/Summ       0%         N/A       77%         3
 Iskenderun's Mystic Bla  Conj/Tloc      0%         2d3       99%         4
 Metabolic Englaciation   Hex/Ice        0%         N/A       100%        5
 Simulacrum               Ice/Necr       0%         N/A       100%        6
 Starburst                Conj/Fire      0%         6d3       100%        6
 Orb of Destruction       Conj           0%         N/A       100%        7
 Spellforged Servitor     Conj/Summ      0%         N/A       100%        7

Inventory:

Hand Weapons
 a - a +1 hand axe (weapon)
Armour
 b - a +0 leather armour (worn)
Jewellery
 j - a ring of poison resistance (right hand)
 q - a ring of protection from cold
Wands
 s - a wand of iceblast (4)
Scrolls
 d - a scroll of brand weapon {unknown}
 e - a scroll of fear {unknown}
 f - 4 scrolls of identify {unknown}
 h - 3 scrolls of teleportation {unknown}
 i - 2 scrolls of vulnerability {unknown}
 k - a scroll of summoning {unknown}
 l - a scroll of enchant weapon {unknown}
 o - a scroll of fog {unknown}
 p - a scroll of blinking {unknown}
 r - a scroll of acquirement {unknown}
 t - a scroll of noise {unknown}
Potions
 c - a potion of lignification {unknown}
 g - a potion of heal wounds {unknown}
 m - 2 potions of ambrosia {unknown}
 n - a potion of curing {@q1}

Dungeon Overview and Level Annotations

Branches:
Dungeon (5/15)             Temple (0/1) D:4

Altars:
Okawaru
Qazlal
Trog
Zin
The Shining One

▒.▒ ▒.....▒
▒▒▒▒▒.▒ ▒▒.▒▒▒
▒.....▒ ▒.....▒
▒....▒ ▒▒▒▒▒▒▒
▒>▒▒▒▒▒ ▒▒.▒.▒ ▒†▒
▒▒▒.▒ ▒.▒ ▒.▒
▒▒▒▒▒▒▒▒▒▒▒.▒ ▒.▒
▒▒...........▒
▒.▒▒▒...▒.▒▒†▒▒▒▒▒
▒.).....▒.▒▒H▒
▒▒▒▒▒...▒.▒▒S▒
▒▒....▒▒.▒
▒.......▒
▒▒▒▒▒▒▒▒▒


You could see an adder.


Message History

* * * LOW HITPOINT WARNING * * *
You are poisoned.
The adder poisons you! The adder barely misses you.
The adder barely misses you.
You slash the adder!
You kill the adder!
Lugonu accepts your kill.
You closely miss the adder.
You feel sick. The adder bites you.
* * * LOW HITPOINT WARNING * * *
The adder bites you but does no damage.
You closely miss the adder.
Your tail-slap misses the adder.
The adder is moderately wounded.
You feel sick. The adder completely misses you.
You slash the adder!
Your tail-slap misses the adder.
The adder is almost dead.
You feel sick. The adder bites you.
* * * LOW HITPOINT WARNING * * *
You miss the adder.
The adder is almost dead.
You feel sick.
You are no longer poisoned.
The adder bites you.
You die...

Action                   |  1- 3 |  4- 6 || total
-------------------------+-------+-------++-------
Melee: Hand axe          |   122 |   149 ||   271
       Tailslap          |    12 |    18 ||    30
 Abil: Rolling Charge    |       |     6 ||     6
  Use: Potion            |       |     2 ||     2
 Stab: Sleeping          |     1 |       ||     1
Armor: Leather armour    |    49 |    44 ||    93
Dodge: Dodged            |    55 |    80 ||   135

Levels and vault maps discovered:
D:1:      eino_arrival_water_star, layout_loops_cross,
          dilly_ecumenical_altar_fadedgnrine
D:2:      layout_basic, kennysheep_nub, serial_park_tiny_pond
D:3:      layout_basic, amcnicky_altar_gilded, mainiacjoe_overflow_paths,
          nicolae_overflow_hidden_temple
D:4:      layout_loops_cross, mainiacjoe_overflow_chevrons,
          mainiacjoe_overflow_alcove_1, minmay_temple_entry_arrows, uniq_ijyb
D:5:      layout_cave_pools, bloody_makhleb

Notes
Turn   | Place    | Note
-------+----------+-------------------------------------------
     0 | Abyss:1  | sanka the Palentonga Abyssal Knight began the quest for the
                  | Orb.
     0 | Abyss:1  | Reached XP level 1. HP: 19/19 MP: 2/2
    47 | D:1      | Escaped the Abyss
   225 | D:1      | Reached XP level 2. HP: 21/25 MP: 3/3
   525 | D:1      | Reached skill level 3 in Axes
   844 | D:1      | Reached ** piety under Lugonu
   958 | D:1      | Reached XP level 3. HP: 31/31 MP: 4/4
  1086 | D:1      | Found a faded altar of an unknown god.
  1321 | D:2      | Reached skill level 4 in Axes
  1813 | D:2      | Reached XP level 4. HP: 32/37 MP: 5/5
  2143 | D:3      | Found a glowing silver altar of Zin.
  2225 | D:3      | Found a glowing golden altar of the Shining One.
  2684 | D:3      | Found a bloodstained altar of Trog.
  3143 | D:4      | Noticed a black bear
  3220 | D:4      | Killed a black bear
  3221 | D:4      | Reached skill level 5 in Axes
  3221 | D:4      | Reached XP level 5. HP: 5/43 MP: 6/6
  3516 | D:4      | Reached skill level 6 in Axes
  3565 | D:4      | Found a staircase to the Ecumenical Temple.
  3591 | D:4      | Reached *** piety under Lugonu
  3609 | D:3      | Reached skill level 3 in Invocations
  3894 | D:4      | Reached XP level 6. HP: 50/50 MP: 8/8
  4353 | D:4      | Found an iron altar of Okawaru.
  4418 | D:4      | Found a stormy altar of Qazlal.
  4541 | D:4      | Noticed Ijyb
  4551 | D:4      | Killed Ijyb
  4552 | D:4      | Reached skill level 4 in Invocations
  4640 | D:5      | Entered Level 5 of the Dungeon
  4791 | D:4      | HP: 4/50 [adder (4)]
  4792 | D:4      | Slain by an adder

Vanquished Creatures
  A black bear (D:4)
  2 hounds (D:4)
  A jelly (D:4)
  A gnoll shaman (D:3)
  Ijyb (D:4)
  4 gnolls (D:4)
  4 adders
  2 worms
  2 dart slugs
  3 orcs (D:3)
  8 ball pythons
  4 endoplasms
  8 giant cockroaches
  5 goblins
  7 hobgoblins
  3 jackals (D:3)
  7 kobolds
  2 quokkas (D:2)
  7 bats
  3 frilled lizards
  8 rats
83 creatures vanquished.
